 Dungeon Crawl Stone Soup version 0.26.1-2-gb8aa6d0cf2 (webtiles) character file.

Game seed: 10579953784931086769

13 Groucho the Sneak (level 2, 0/13 HPs)
             Began as a Spriggan Enchanter on Feb 17, 2021.
             Slain by a hobgoblin
             ... wielding a +0 club
              (8 damage)
             ... on level 1 of the Dungeon.
             The game lasted 00:01:09 (634 turns).

Groucho the Sneak (Spriggan Enchanter)               Turns: 634, Time: 00:01:09

Health: 0/13       AC:  2    Str:  4    XL:     2   Next: 24%
Magic:  1/7        EV: 18    Int: 16    God:
Gold:   0          SH:  0    Dex: 16    Spells: 4/7 levels left

rFire    . . .     SeeInvis +   a - +1 dagger
rCold    . . .     Faith    .   (shield restricted)
rNeg     . . .     Spirit   .   b - +0 robe
rPois    .         Reflect  .   (helmet restricted)
rElec    .         Harm     .   (no cloak)
rCorr    .         Rampage  .   (gloves unavailable)
Will     .....                  (boots unavailable)
Stlth    +++.......             (no amulet)
HPRegen  0.04/turn              (no ring)
MPRegen  0.10/turn              (no ring)

@: very slightly contaminated, very quick
A: very small, unfitting armour, see invisible, speed 3
a: no special abilities


You were on level 1 of the Dungeon.
You visited 1 branch of the dungeon, and saw 2 of its levels.

Inventory:

Hand Weapons
 a - a +1 dagger (weapon)
Armour
 b - a +0 robe (worn)
Scrolls
 d - a scroll of amnesia {unknown}
 e - a scroll of remove curse {unknown}
Potions
 c - a potion of cancellation {unknown}


   Skills:
 - Level 1.1 Short Blades
 - Level 3.0 Dodging
 * Level 5.1 Stealth
 + Level 3.0 Spellcasting
 + Level 3.9 Hexes


You had 4 spell levels left.
You knew the following spells:

 Your Spells              Type           Power        Failure   Level
a - Corona                Hex            15%          3%          1
b - Ensorcelled Hibernat  Hex/Ice        16%          13%         2

Your spell library contained the following spells:

 Spells                   Type           Power        Failure   Level
 Confusing Touch          Hex            14%          12%         3
 Tukima's Dance           Hex            14%          12%         3
 Dazzling Flash           Conj/Hex       16%          26%         3


Dungeon Overview and Level Annotations

Branches:
Dungeon (2/15)

Altars:


Innate Abilities, Weirdness & Mutations

You are very small and have problems with some larger weapons.
You are too small for most types of armour.
You have supernaturally acute eyesight. (SInv)
You cover ground extremely quickly.


Message History

Casting: Ensorcelled Hibernation (safe; 13% risk of failure)
Confirm with . or Enter, or press ? or * to list all spells.
Aiming: Ensorcelled Hibernation (safe; 13% risk of failure)
Press: ? - help, Shift-Dir - straight line, f - hobgoblin
Aim: a hobgoblin, wielding a +0 club (chance to affect: 57%)
You miscast Ensorcelled Hibernation.
You are very lightly contaminated with residual magic.
Nothing appears to happen.
The hobgoblin hits you with a +0 club.
Casting: Ensorcelled Hibernation (safe; 13% risk of failure)
Confirm with . or Enter, or press ? or * to list all spells.
Aiming: Ensorcelled Hibernation (safe; 13% risk of failure)
Press: ? - help, Shift-Dir - straight line, f/p - hobgoblin
Aim: a hobgoblin, wielding a +0 club (chance to affect: 57%)
You miscast Ensorcelled Hibernation.
Nothing appears to happen.
The hobgoblin hits you but does no damage.
You hit the hobgoblin but do no damage. The hobgoblin hits you with a +0 club.
You hit the hobgoblin but do no damage. The hobgoblin closely misses you.
You hit the hobgoblin but do no damage. The hobgoblin hits you with a +0 club!
Ouch! That really hurt!
You die...

#.# #.#############
#.............#
#.###########.# #.#
#.# #.# #.#
#.###########.#
#.#..........)# #
#@#.########### # #.
#g#)#
.#.#.#######.#.#
............>#.#
#...........#.#
###.##.####.#.# #.##
#.#.# ######..#
#...#
#<.##..####.########


You could see a hobgoblin.

Vanquished Creatures
  A dart slug (D:1)
  4 goblins
  2 hobgoblins
  A frilled lizard (D:1)
  2 rats
10 creatures vanquished.

Notes
Turn   | Place    | Note
-------+----------+-------------------------------------------
     0 | D:1      | Groucho the Spriggan Enchanter began the quest for the Orb.
     0 | D:1      | Reached XP level 1. HP: 9/9 MP: 5/5
   123 | D:1      | Reached XP level 2. HP: 10/13 MP: 6/6
   145 | D:2      | Learned a level 2 spell: Ensorcelled Hibernation
   152 | D:2      | Reached skill level 5 in Stealth
   634 | D:1      | Slain by a hobgoblin

Illustrated notes

Levels and vault maps discovered:
D:1:      dpeg_arrival_short_road, layout_basic, amcnicky_mini_pool_small,
          st_stairs_2, minmay_pentomino_s4
D:2:      layout_loops_ring, serial_aquarium, aquarium_bridge_straight
          [aquarium_subvault_bridge, aquarium_subvault_balcony,
          aquarium_subvault_bridge, aquarium_subvault_window],
          aquarium_bridge_square [aquarium_subvault_bridge,
          aquarium_subvault_balcony, aquarium_subvault_wall,
          aquarium_subvault_bridge], aquarium_window_fake, aquarium_window_fake,
          aquarium_window_fake, aquarium_view_2b, aquarium_view_2b,
          aquarium_balcony_3a, aquarium_pool_five

Skill      XL: |  1  2 |
---------------+-------+-----
Stealth        | 5 |  5.1
Spellcasting   | 3 |  3.0
Short Blades   | |  1.1
Dodging        | |  3.0
Hexes          | |  3.9

Action                   || total
-------------------------++-------
Melee: Dagger            ||    34
 Cast: Ensorcelled Hiber ||     3
 Stab: Sleeping          ||     5
Armor: Robe              ||     2
Dodge: Dodged            ||    15
